 Dungeon Crawl Stone Soup version 0.25.1-2-g60ff931df9 (webtiles) character file.

Game seed: 17692835544805844578

10787 DildoBatman the Blocker (level 11, -6/85 HPs)
             Began as a Formicid Wizard on Sept 5, 2020.
             Was an Elder of Kikubaaqudgha.
             Mangled by an orc warrior
             ... wielding a +0 battleaxe
              (9 damage)
             ... on level 1 of the Orcish Mines.
             The game lasted 00:49:05 (10821 turns).

DildoBatman the Blocker (Formicid Wizard)          Turns: 10821, Time: 00:49:06

Health: -6/85      AC: 12    Str: 18    XL:     11   Next: 99%
Magic:  23/28      EV: 13    Int: 21    God:    Kikubaaqudgha [****..]
Gold:   754        SH: 11    Dex:  9    Spells: 13/20 levels left

rFire    + . .     SeeInvis +   a - +2 short sword (venom)
rCold    . . .     Gourm    .   M - +0 kite shield
rNeg     . . .     Faith    .   F - +2 ring mail {rF+}
rPois    .         Spirit   .   (helmet unavailable)
rElec    .         Reflect  .   U - +2 cloak {MR+}
rCorr    .         Harm     .   (no gloves)
MR       ++...                  (no boots)
Stlth    +.........             (no amulet)
HPRegen  0.24/turn              C - +6 ring of strength
MPRegen  0.21/turn              A - ring of magical power

@: no status effects
A: permanent stasis, dig shafts and tunnels, four strong arms, antennae 3
a: Dig, Shaft Self, Receive Corpses, Renounce Religion


You were on level 1 of the Orcish Mines.
You worshipped Kikubaaqudgha.
Kikubaaqudgha was greatly pleased with you.
You were not hungry.

You visited 3 branches of the dungeon, and saw 12 of its levels.
You also visited: Sewer.

You collected 806 gold pieces.
You spent 52 gold pieces at shops.

Inventory:

Hand Weapons
 a - a +2 short sword of venom (weapon)
 b - a +1 hunting sling of flaming
 d - a +3 long sword
 e - a +2 vorpal spear
Missiles
 i - 24 poisoned darts
 l - 29 arrows
 q - 197 stones
 s - 114 bolts
 H - 60 sling bullets
 O - 3 silver javelins
 S - 8 boomerangs (quivered)
Armour
 F - a +2 ring mail of fire resistance (worn)
 M - a +0 kite shield (worn)
 U - a +2 cloak of magic resistance (worn)
Jewellery
 A - a ring of magical power (right hand)
 C - a +6 ring of strength (left hand)
 R - an uncursed ring of ice
Wands
 c - a wand of enslavement (13)
 y - a wand of clouds (9)
 P - a wand of polymorph (10)
Scrolls
 f - 3 scrolls of enchant weapon
 n - 2 scrolls of fog {unknown}
 t - 2 scrolls of enchant armour
 x - a scroll of remove curse
 z - 3 scrolls of identify
 B - 2 scrolls of amnesia {unknown}
 I - 2 scrolls of fear {unknown}
 J - a scroll of magic mapping
 K - 2 scrolls of random uselessness {unknown}
 Q - a scroll of acquirement {unknown}
 T - a scroll of immolation {unknown}
Potions
 g - 3 potions of curing
 h - a potion of stabbing {unknown}
 k - 2 potions of lignification
 m - a potion of mutation {unknown}
 o - 2 potions of invisibility {unknown}
 p - 2 potions of brilliance
 r - 2 potions of resistance {unknown}
 u - 2 potions of berserk rage
 w - a potion of might
 E - 2 potions of flight {unknown}
 G - a potion of heal wounds {unknown}
 L - 2 potions of experience {unknown}
Miscellaneous
 j - a phantom mirror
Comestibles
 v - 19 rations


   Skills:
 * Level 7.7 Fighting
 * Level 7.6 Armour
 * Level 6.6 Dodging
 - Level 2.4 Stealth
 - Level 9.0 Shields
 * Level 5.3 Spellcasting
 - Level 6.0 Conjurations
   Level 1.0 Summonings
   Level 0.8 Translocations
 - Level 5.0 Fire Magic
 - Level 5.0 Air Magic


You had 13 spell levels left.
You knew the following spells:

 Your Spells              Type           Power        Failure   Level  Hunger
a - Conjure Flame         Conj/Fire      ####....     5%          3    ##.....
c - Magic Dart            Conj           ####         1%          1    None
e - Mephitic Cloud        Conj/Pois/Air  ###.....     11%         3    ##.....

Your spell library contained the following spells:

 Spells                   Type           Power        Failure   Level  Hunger
 Summon Small Mammal      Summ           #...         11%         1    None
 Apportation              Tloc           #.....       12%         1    None
 Animate Skeleton         Necr           N/A          17%         1    None
 Corona                   Hex            #......      17%         1    None
 Freeze                   Ice            #...         17%         1    None
 Infusion                 Chrm           #...         17%         1    None
 Pain                     Necr           #...         17%         1    None
 Call Imp                 Summ           #.......     17%         2    None
 Shroud of Golubria       Chrm/Tloc      #.....       22%         2    None
 Slow                     Hex            #.......     26%         2    None
 Song of Slaying          Chrm           #.......     26%         2    None
 Sublimation of Blood     Necr           #.........   26%         2    None
 Gell's Gravitas          Tloc           #.........   34%         3    ##.....
 Hailstorm                Conj/Ice       ###.....     43%         4    ####...
 Confusing Touch          Hex            #.......     45%         3    ##.....
 Frozen Ramparts          Ice            #.....       45%         3    ##.....
 Ozocubu's Armour         Chrm/Ice       #.......     45%         3    ##.....
 Spectral Weapon          Hex/Chrm       #.......     45%         3    ##.....
 Vampiric Draining        Necr           #.........   45%         3    ##.....
 Summon Ice Beast         Ice/Summ       #.......     80%         4    ####...
 Animate Dead             Necr           N/A          86%         4    ####...
 Dispel Undead            Necr           #.......     86%         4    ####...
 Petrify                  Tmut/Erth      #.......     86%         4    ####...
 Borgnjor's Vile Clutch   Necr/Erth      #.........   99%         5    #####..
 Metabolic Englaciation   Hex/Ice        #.........   99%         5    #####..
 Yara's Violent Unravell  Hex/Tmut       #.........   99%         5    #####..
 Death Channel            Necr           #.........   100%        6    #######
 Simulacrum               Ice/Necr       #.........   100%        6    #######
 Blink                    Tloc           Unusable     N/A         2    N/A

Dungeon Overview and Level Annotations

Branches:
Dungeon (9/15)             Temple (1/1) D:7             Orc (2/2) D:9
  Sewer (visited)
   Lair: D:8-11         Elf: Orc:2

Altars:
Ashenzari
Cheibriados
Dithmenos
Elyvilon
Fedhas
Gozag
Hepliaklqana
Kikubaaqudgha
Makhleb
Nemelex Xobeh
Okawaru
Qazlal
Ru
Sif Muna
Trog
Uskayaw
Vehumet
Wu Jian
Xom
Yredelemnul
Zin
The Shining One

Shops:
D:4 :   D:5 %   D:6 !   Orc:2 =(

Annotations:
D:6 3 runed translucent doors, dracomuter's ghost, amateur DgCj
D:8 1 runed translucent door, havocjr3's ghost, novice GnFi


Innate Abilities, Weirdness & Mutations

You cannot be hasted, slowed, berserked, paralysed or teleported.
You can dig through walls and to a lower floor.
Your four strong arms can wield two-handed weapons with a shield.
You have a pair of large antennae on your head. (SInv)


Message History

The troll is killed!
Kikubaaqudgha accepts your kill.
The troll leather armour is intact enough to wear.
You climb upwards.
There is a stone staircase leading down here.
You climb downwards.
Beware, you cannot shaft yourself on this level.
The orc warrior looks very confused.
The orc warrior hits you with a +0 mace!
The orc knight hits you with a +0 battleaxe!!!
The orc knight closely misses the orc warrior.
You block the orc warrior's attack.
There is a stone staircase leading up, spattered with blood here.
The orc knight hits you with a +0 battleaxe!!
You block the orc warrior's attack.
You climb upwards.
There is a stone staircase leading down here.
The orc warrior hits you with a +0 battleaxe!
You die...
Kikubaaqudgha rasps: "You have failed me!
Welcome... death!"

.#..#...................#
........................###
....#.....................##
#..........................#
..........................##
.................^..#....##
................o.......##
.#..............o>.......#
....#...........@o......##
.#.......................##
###.#.....................#
##.#.............##......###
#[###.............#........##
)## ###.#.#....#.###........#
## ##.#...#....##.#.......##
# ###.[....##..............##
##[#..##.#........#))....#.##


You could see an orc knight (strong) and 2 orc warriors.

Vanquished Creatures
  Snorg (D:9)
  3 two-headed ogres
  An ogre mage (Orc:1)
  Maurice (Orc:1)
  Joseph (D:8)
  A queen bee (D:9)
  2 trolls
  A hornet (D:8)
  Grinder (D:4)
  A hippogriff (D:8)
  Sigmund (D:1)
  4 wargs (D:9)
  A sky beast (D:8)
  10 orc warriors
  3 phantoms
  A black bear (D:8)
  3 ice beasts
  12 ogres
  A centaur (D:9)
  A crocodile (Sewer)
  A big kobold (D:8)
  5 bullfrogs
  2 scorpions
  A wyvern skeleton (D:6)
  14 killer bees (D:9)
  3 wights (D:9)
  A bullfrog zombie (D:9)
  4 crimson imps
  A quasit (D:8)
  6 orc priests
  8 hounds
  A jelly (D:6)
  3 centaur skeletons
  A bullfrog skeleton (D:6)
  2 iguanas
  9 orc wizards
  6 worker ants
  A hound skeleton (D:7)
  A worker ant zombie (D:6)
  4 gnolls
  12 adders
  A shadow imp (D:5)
  4 worms
  2 adder skeletons
  2 dart slugs (D:1)
  5 leopard geckos
  38 orcs
  2 ball pythons
  13 bats
  3 giant cockroaches
  10 goblins
  8 hobgoblins
  7 jackals
  4 quokkas
  2 frilled lizards (D:2)
  16 kobolds
  2 leopard gecko skeletons
  A leopard gecko zombie (D:6)
  A quokka zombie (D:6)
  13 rats
270 creatures vanquished.

Vanquished Creatures (others)
  2 fungi (Orc:2)
2 creatures vanquished.

Grand Total: 272 creatures vanquished

Notes
Turn   | Place    | Note
-------+----------+-------------------------------------------
     0 | D:1      | DildoBatman the Formicid Wizard began the quest for the
                  | Orb.
     0 | D:1      | Reached XP level 1. HP: 13/13 MP: 4/4
   125 | D:1      | Reached skill level 1 in Conjurations
   343 | D:1      | Reached XP level 2. HP: 19/19 MP: 4/6
   690 | D:1      | Reached XP level 3. HP: 24/24 MP: 5/7
  1467 | D:2      | Reached XP level 4. HP: 20/30 MP: 2/8
  1906 | D:2      | Found a blossoming altar of Fedhas.
  1925 | D:2      | Noticed Sigmund
  1952 | D:1      | Learned a level 3 spell: Conjure Flame
  1956 | D:1      | Learned a level 3 spell: Mephitic Cloud
  2575 | D:3      | Reached XP level 5. HP: 35/35 MP: 7/9
  2772 | D:3      | Found a radiant altar of Vehumet.
  2821 | D:3      | Found a faded altar of an unknown god.
  2867 | D:3      | Found a sacrificial altar of Ru.
  2967 | D:3      | Found a burning altar of Makhleb.
  3186 | D:4      | Found an iron altar of Okawaru.
  3222 | D:5      | Entered Level 5 of the Dungeon
  3237 | D:5      | Found a shimmering blue altar of Sif Muna.
  3298 | D:5      | Noticed an ice beast
  3302 | D:5      | Found a sparkling altar of Nemelex Xobeh.
  3311 | D:4      | Noticed Grinder
  3441 | D:5      | Found Ysesoi's Food Emporium.
  3554 | D:6      | Noticed an ogre
  3599 | D:5      | Reached skill level 5 in Conjurations
  3599 | D:5      | Reached XP level 6. HP: 37/41 MP: 10/10
  3794 | D:6      | Reached XP level 7. HP: 27/46 MP: 11/11
  3811 | D:6      | Found a runed translucent gate.
  3811 | D:6      | Identified the +7 whip of Uroen {chaos, MR+}
  3813 | D:6      | Reached skill level 1 in Fire Magic
  3815 | D:6      | Noticed dracomuter's ghost (amateur DgCj)
  3816 | D:6      | Found a runed translucent gate.
  3820 | D:6      | Found a runed translucent gate.
  3820 | D:6      | Noticed a kobold demonologist
  3843 | D:6      | Reached skill level 1 in Air Magic
  3926 | D:6      | Found Oguffaog's Distillery.
  3946 | D:6      | Bought a potion of degeneration for 13 gold pieces
  3946 | D:6      | Bought a potion of curing for 39 gold pieces
  4029 | D:6      | Found a glowing drain.
  4070 | D:6      | Reached XP level 8. HP: 26/52 MP: 5/12
  4097 | Sewer    | Entered a sewer
  4821 | D:7      | Found a staircase to the Ecumenical Temple.
  4836 | Temple   | Entered the Ecumenical Temple
  4924 | Temple   | Became a worshipper of Kikubaaqudgha
  5132 | D:1      | Killed Sigmund
  5202 | D:2      | Reached skill level 5 in Fire Magic
  5453 | D:4      | Killed Grinder
  5453 | D:4      | Reached skill level 1 in Fighting
  5453 | D:4      | Reached skill level 1 in Armour
  5453 | D:4      | Reached XP level 9. HP: 50/59 MP: 13/13
  5676 | D:4      | Found Xalluguf's Book Emporium.
  6009 | D:5      | Found a glowing golden altar of the Shining One.
  6366 | D:7      | Reached * piety under Kikubaaqudgha
  6366 | D:7      | Identified Kikubaaqudgha's Volume of Evil Rites
                  | (Kikubaaqudgha gifted it to you on level 7 of the Dungeon)
  6366 | D:7      | Received a gift from Kikubaaqudgha
  6405 | D:7      | Reached skill level 5 in Air Magic
  6599 | D:7      | Found an opulent altar of Gozag.
  6937 | D:7      | Found a white marble altar of Elyvilon.
  7064 | D:8      | Found a hazy altar of Hepliaklqana.
  7087 | D:8      | Found a runed translucent door.
  7087 | D:8      | Noticed havocjr3's ghost (novice GnFi)
  7091 | D:8      | Noticed a two-headed ogre
  7145 | D:8      | Killed a two-headed ogre
  7145 | D:8      | Reached skill level 5 in Fighting
  7145 | D:8      | Reached skill level 5 in Armour
  7145 | D:8      | Reached XP level 10. HP: 74/74 MP: 7/14
  7199 | D:8      | Noticed Joseph
  7230 | D:8      | Killed Joseph
  7230 | D:8      | Reached skill level 3 in Shields
  7238 | D:8      | Reached skill level 4 in Shields
  7448 | D:8      | Reached skill level 5 in Shields
  7456 | D:8      | Reached ** piety under Kikubaaqudgha
  7881 | D:8      | Found a shadowy altar of Dithmenos.
  8042 | D:8      | Reached skill level 6 in Shields
  8170 | D:9      | Reached skill level 7 in Shields
  8258 | D:9      | Reached skill level 8 in Shields
  8313 | D:9      | Found a staircase to the Orcish Mines.
  8487 | D:9      | Reached *** piety under Kikubaaqudgha
  8487 | D:9      | Identified Kikubaaqudgha's Reference Book on Black Arts
                  | (Kikubaaqudgha gifted it to you on level 9 of the Dungeon)
  8487 | D:9      | Received a gift from Kikubaaqudgha
  8487 | D:9      | Reached skill level 9 in Shields
  8537 | D:9      | Reached XP level 11. HP: 51/80 MP: 4/15
  8698 | Orc:1    | Entered Level 1 of the Orcish Mines
  8698 | Orc:1    | Noticed an ogre mage
  8698 | Orc:1    | Noticed a two-headed ogre
  8699 | Orc:1    | Noticed Snorg
  8724 | D:9      | Reached skill level 5 in Dodging
  8807 | D:9      | Killed a two-headed ogre
  8895 | D:9      | Killed Snorg
  9168 | Orc:1    | Noticed a two-headed ogre
  9346 | D:9      | Killed a two-headed ogre
  9872 | Orc:1    | Killed an ogre mage
 10063 | Orc:1    | Reached **** piety under Kikubaaqudgha
 10189 | Orc:1    | Reached skill level 5 in Spellcasting
 10529 | Orc:1    | Found an iron altar of Okawaru.
 10601 | Orc:1    | Noticed Maurice
 10622 | Orc:1    | Killed Maurice
 10659 | Orc:2    | Entered Level 2 of the Orcish Mines
 10659 | Orc:2    | Found Soomukku's Antique Weapon Emporium.
 10659 | Orc:2    | Noticed an orc knight
 10661 | Orc:2    | Noticed an orc knight
 10663 | Orc:2    | Found Tez Atej's Jewellery Emporium.
 10819 | Orc:2    | HP: 2/85 [orc knight/+0 battleaxe (31)]
 10821 | Orc:1    | Mangled by an orc warrior

Illustrated notes

Levels and vault maps discovered:
D:1:      dpeg_arrival_water_fire, layout_basic, serial_rivers,
          chequers_serial_rivers_micro_b, chequers_serial_rivers_micro_e,
          chequers_serial_rivers_micro_e, chequers_serial_rivers_micro_d,
          chequers_serial_rivers_large_a, chequers_serial_rivers_micro_c
D:2:      minmay_diamond_boxcup, layout_basic, fedhas_ov_isle_minmay,
          first_ration, guppyfry_early_lair_pool, uniq_sigmund
D:3:      layout_rooms, hangedman_ru_absence, lemuel_round_altar,
          vehumet_crystals, chequers_ecumenical_altar_simple_redux
D:4:      layout_rooms, kennysheep_mini_moat, serial_shops,
          kennysheep_little_box, uniq_grinder
D:5:      layout_loops_cross, nicolae_tso_carved_into_rock,
          lemuel_coloured_pillars_altar, lemuel_crystal_altar, serial_shops,
          kennysheep_mini, minmay_tree_intersection, st_stairs_9
D:6:      layout_basic, gammafunk_ghost_nasty_kobolds,
          cheibrodos_sewer_entry_drain, serial_shops, nicolae_shop_crystal
D:7:      layout_basic, grunt_gozag_statues, marbit_many_paths,
          minmay_temple_entry_arrows
D:8:      layout_basic, overflow_temple_1_default,
          nicolae_overflow_crystal_walls, ebering_ghost_reflecting_pool,
          uniq_joseph
D:9:      minmay_the_grid_triangle_9x9_recursive_2_mashed
          [minmay_the_grid_triangle_9x9_prize_schism,
          minmay_the_grid_triangle_9x9_swiss_cheese,
          minmay_the_grid_triangle_9x9_zippers_horizontal,
          minmay_the_grid_triangle_9x9_odd_lines], layout_irregular_city,
          minmay_orc_entry_guard_dogs, david_nohive_1, evilmike_minifort,
          uniq_harold, uniq_erica
Temple:   zaba_magenta_temple
Orc:1:    layout_caves, okawaru_metal_pillars_1_2, uniq_maurice, uniq_snorg
Orc:2:    grunt_orc_gardens, layout_caves, grunt_orc_garden, grunt_orc_garden,
          grunt_orc_garden, grunt_orc_garden, gammafunk_ghost_grave

Skill      XL: |  1  2  3  4  5  6  7  8  9 10 11 |
---------------+----------------------------------+-----
Conjurations   | 1 2 3 4 5 6 |  6.0
Fire Magic     | 3 5 |  5.0
Air Magic      | 2 4 5 |  5.0
Fighting       | 1 5 7 |  7.7
Armour         | 1 5 7 |  7.6
Dodging        | 2 4 6 |  6.6
Shields        | 9 |  9.0
Spellcasting   | 5 |  5.3
Stealth        | |  2.4
Summonings     | |  1.0
Translocations | |  0.8

Action                   |  1- 3 |  4- 6 |  7- 9 | 10-12 || total
-------------------------+-------+-------+-------+-------++-------
Melee: Short sword       |    25 |    55 |   152 |   245 ||   477
       Spear             |       |       |    66 |    77 ||   143
 Fire: Hunting sling     |       |       |       |    77 ||    77
Throw: Dart              |     6 |     7 |     8 |     8 ||    29
       Stone             |       |     1 |       |       ||     1
       Javelin           |       |       |     1 |     3 ||     4
 Cast: Magic Dart        |    72 |    70 |    86 |    39 ||   267
       Mephitic Cloud    |       |     1 |    18 |    49 ||    68
       Conjure Flame     |       |     3 |    26 |    37 ||    66
 Abil: Dig               |       |     8 |     7 |    19 ||    34
Evoke: Wand              |       |     1 |       |       ||     1
  Use: Scroll            |       |     5 |       |     9 ||    14
       Potion            |       |       |       |     1 ||     1
 Stab: Distracted        |       |       |     1 |       ||     1
       Sleeping          |       |       |     1 |       ||     1
       Confused          |       |       |     2 |    11 ||    13
  Eat: Chunk             |     2 |     9 |    12 |    22 ||    45
       Ration            |       |       |     1 |       ||     1
Armor: Robe              |    13 |     1 |       |       ||    14
       Ring mail         |       |    34 |    75 |    77 ||   186
Dodge: Dodged            |    20 |    53 |   112 |   128 ||   313
Block: Kite shield       |       |       |       |    81 ||    81
       Rpst.: Long sword |       |       |       |     2 ||     2
